 Dungeon Crawl Stone Soup version 0.31-a0-1469-gd420192249 (webtiles) character file.

Game seed: 8261282486635253241

985 BigPumpCobain the Ruffian (level 7, -4/90 HPs)
             Began as a Red Draconian Shapeshifter on Dec 29, 2023.
             Slain by a gnoll
             ... wielding a +0 flail
             ... led by a gnoll sergeant
              (6 damage)
             ... on level 5 of the Dungeon.
             The game lasted 00:05:41 (4309 turns).

BigPumpCobain the Ruffian (DrSh)                    Turns: 4309, Time: 00:05:41

Health: -4/90      AC: 23    Str: 19    XL:     7   Next: 97%
Magic:  7/7        EV:  2    Int:  7    God:
Gold:   318        SH:  0    Dex: 13    Spells: 6/6 levels left

rFire   + + .        k - +5 whip of Insufficient Pleasure {freeze, rF++ rCorr Int-3 Dex+3}
rCold   . . .        (no shield)
rNeg    . . .        (body armour unavailable)
rPois   +            (helmet currently unavailable)
rElec   .            (cloak currently unavailable)
rCorr   +            (gloves currently unavailable)
SInv    .            (boots currently unavailable)
Will    .....        (no amulet)
Stlth   +            o - ring of poison resistance
HPRegen 0.35/turn    (no ring)
MPRegen 0.10/turn

%: no passive effects
@: tree-form, invisible
A: stationary, stasis, torment immunity, boosted hp, (breathe fire), AC +6,
unfitting armour, (fire resistance 1), (cold-blooded)
a: no special abilities


You were on level 5 of the Dungeon.
You were a tree.
You visited 1 branch of the dungeon, and saw 5 of its levels.

You collected 318 gold pieces.

Inventory:

Hand Weapons
 k - the +5 whip of Insufficient Pleasure (weapon) {freeze, rF++ rCorr Int-3 Dex+3}
   (You took it off an orc on level 2 of the Dungeon)

   Int-3:     It affects your intelligence (-3).
   Dex+3:     It affects your dexterity (+3).
   rF++:      It greatly protects you from fire.
   rCorr:     It protects you from acid and corrosion.
 n - a +7 scythe of venom
Jewellery
 o - a ring of poison resistance (left branch)
 s - a ring of protection from fire
Talismans
 b - a beast talisman
 c - a flux talisman
Wands
 x - a wand of flame (1)
Scrolls
 e - 2 scrolls of blinking
 g - a scroll of fog
 h - a scroll of enchant weapon
 i - a scroll of poison
 j - 2 scrolls of teleportation {unknown}
 p - a scroll of identify
 u - a scroll of enchant armour {unknown}
 w - a scroll of amnesia {unknown}
Potions
 d - a potion of mutation {unknown}
 f - a potion of enlightenment {unknown}
 l - a potion of curing {unknown}
 m - a potion of invisibility
 q - a potion of resistance {unknown}
 r - a potion of heal wounds {unknown}
 t - a potion of attraction {unknown}
 v - a potion of brilliance {unknown}


   Skills:
 + Level 4.9 Fighting
 - Level 1.7 Dodging
 * Level 7.2 Unarmed Combat
 + Level 5.1 Shapeshifting


You had 6 spell levels left.
You didn't know any spells.
Your spell library contained the following spells:

 Spells                   Type           Power      Damage    Failure   Level
 Manifold Assault         Tloc           0%         N/A       99%         4
 Dispersal                Tloc           0%         N/A       100%        6
 Disjunction              Tloc           0%         N/A       100%        8


Dungeon Overview and Level Annotations

Branches:
Dungeon (5/15)
 Temple: D:4-7

Altars:
Cheibriados
Hepliaklqana
Makhleb
Vehumet

Shops:
D:3 (


Innate Abilities, Weirdness & Mutations

You are a tree.
Your roots penetrate the ground, keeping you stationary.
You cannot be teleported.
You are immune to unholy pain and torment.
Your maximum health is greatly increased.
Your equipment is partially melded.
((You can breathe blasts of fire.))
((Your fiery red scales are hard. (AC +6)))
You cannot fit into any form of body armour.
((Your flesh is heat resistant. (rF+)))
((You are cold-blooded and may be slowed by cold attacks.))


Message History

You fade into invisibility!
The water moccasin bites you but does no damage.
The gnoll hits you but does no damage. The gnoll barely misses you.
You catch the helpless water moccasin completely off-guard!
You whack the water moccasin! You freeze the water moccasin.
The water moccasin is heavily wounded.
The water moccasin bites you.
* * * LOW HITPOINT WARNING * * *
The water moccasin bites you but does no damage.
The gnoll hits you but does no damage. x2
You barely miss the water moccasin.
The water moccasin is heavily wounded.
The water moccasin bites you but does no damage.
The gnoll hits you with a +0 flail.
* * * LOW HITPOINT WARNING * * *
The gnoll hits you but does no damage.
The water moccasin bites you but does no damage.
You hit the water moccasin. You freeze the water moccasin.
The water moccasin is severely wounded.
The gnoll hits you but does no damage.
The water moccasin bites you but does no damage.
You whack the water moccasin!
The water moccasin seems to slow down.
You freeze the water moccasin.
You kill the water moccasin!
The gnoll hits you but does no damage. x2
You hit the gnoll. You freeze the gnoll.
The gnoll is moderately wounded.
The gnoll hits you but does no damage. The gnoll completely misses you.
You hit the gnoll. You freeze the gnoll.
The gnoll is almost dead.
The gnoll hits you with a +0 flail.
* * * LOW HITPOINT WARNING * * *
You barely miss the gnoll. Your punch misses the gnoll.
The gnoll is almost dead.
The gnoll hits you but does no damage. The gnoll hits you with a +0 flail.
* * * LOW HITPOINT WARNING * * *
You hit the gnoll but do no damage.
The gnoll is almost dead.
The gnoll hits you with a +0 flail.
You die...

# ..##'..##~~~P~#.####..#....###
##### ##..#~~#####.'.............
#...# ####..#.....#####....#####
#.### #.~#####.# #.#.## ..#
#~PPP.#.# #...# #.## ##~..##.#
#..####### #..##### #######
#######.........
...............)###......#.######
............?..g♣...####...#
...............g....# #####
....................#
...................##
......######......## ...##.#
#......# ...# .. #......#
#.......


You could see 2 gnolls.

Vanquished Creatures
  Sigmund (D:3)
  A water moccasin (D:5)
  A black bear (D:5)
  A gnoll sergeant (D:5)
  A crimson imp (D:5)
  A jelly (D:4)
  A bombardier beetle (D:3)
  2 hounds
  A sleepcap (D:5)
  An orc priest (D:3)
  2 iguanas
  Natasha (thrice) (D:2)
  An orc wizard (D:3)
  4 gnolls
  6 adders
  A white imp (D:5)
  3 worms
  2 dart slugs
  9 orcs
  6 ball pythons
  4 endoplasms
  5 giant cockroaches
  7 goblins
  14 hobgoblins
  4 jackals (D:2)
  3 kobolds
  4 quokkas
  3 bats
  2 frilled lizards
  4 rats (D:1)
98 creatures vanquished.

Notes
Turn   | Place    | Note
-------+----------+-------------------------------------------
     0 | D:1      | BigPumpCobain the Draconian Shapeshifter began the quest
                  | for the Orb.
     0 | D:1      | Reached XP level 1. HP: 16/16 MP: 1/1
   110 | D:1      | Reached XP level 2. HP: 20/23 MP: 2/2
   652 | D:2      | Noticed Natasha
   659 | D:2      | Killed Natasha
   660 | D:2      | Reached XP level 3. HP: 23/29 MP: 3/3
   829 | D:2      | Noticed Natasha
   841 | D:2      | Killed Natasha
   842 | D:2      | Reached skill level 4 in Unarmed Combat
   842 | D:2      | Reached XP level 4. HP: 27/37 MP: 4/4
   897 | D:2      | Noticed Natasha
   903 | D:2      | Killed Natasha
  1275 | D:2      | Reached XP level 5. HP: 37/42 MP: 5/5
  1507 | D:3      | Found Estrik's Antique Weapon Boutique.
  1512 | D:3      | Identified the +5 whip of Insufficient Pleasure {freeze,
                  | rF++ rCorr Int-3 Dex+3}
  1727 | D:3      | Noticed Sigmund
  1730 | D:3      | Killed Sigmund
  1731 | D:3      | Reached skill level 5 in Unarmed Combat
  1731 | D:3      | Reached XP level 6. HP: 19/51 MP: 6/6
  1933 | D:3      | You fall into a shaft and drop 2 floors!
  1933 | D:5      | Entered Level 5 of the Dungeon
  2569 | D:3      | Found a faded altar of an unknown god.
  2569 | D:3      | Found a faded altar of an unknown god.
  2572 | D:3      | Found a hazy altar of Hepliaklqana.
  3260 | D:4      | Reached skill level 6 in Unarmed Combat
  3450 | D:4      | Your scales start taking on a fiery red colour.
  3450 | D:4      | Reached XP level 7. HP: 54/59 MP: 7/7
  3450 | D:4      | Gained mutation: Your flesh is heat resistant. (rF+) [Red
                  | Draconian growth]
  3588 | D:4      | Identified the +1 leather armour "Ryefi" {+Blink rF+ Dex+2}
  3697 | D:4      | Found a snail-covered altar of Cheibriados.
  4223 | D:5      | Found a burning altar of Makhleb.
  4224 | D:5      | Found a radiant altar of Vehumet.
  4300 | D:5      | Reached skill level 7 in Unarmed Combat
  4301 | D:5      | Reached skill level 5 in Shapeshifting
  4307 | D:5      | HP: 3/90 [gnoll/+0 flail[a gnoll sergeant] (4)]
  4308 | D:5      | HP: 1/90 [gnoll/+0 flail[a gnoll sergeant] (2)]
  4309 | D:5      | Slain by a gnoll

Illustrated notes

Levels and vault maps discovered:
D:1:      wheals_arrival_linesprint, layout_rooms, wad_floor_pattern_untrapped
D:2:      minmay_spotlight, layout_basic, minivault_25, uniq_natasha
D:3:      layout_loops_ring, nicolae_hepliaklqana_ecumenical_no_more,
          serial_shops, shop_coins, uniq_sigmund
D:4:      layout_layer_cave, cheibrodos_worm_habitat
D:5:      layout_basic, grunt_temple_overflow_lords_of_destruction,
          serial_aquarium, aquarium_bridge_square [aquarium_subvault_bridge,
          aquarium_subvault_bridge, aquarium_subvault_window,
          aquarium_subvault_wall], aquarium_window_corridor_3,
          aquarium_window_2, aquarium_window_fake, aquarium_view_2f,
          aquarium_balcony_1b, kennysheep_small_square

Skill      XL: |  1  2  3  4  5  6  7 |
---------------+----------------------+-----
Fighting       | 2 3 4 |  4.9
Unarmed Combat | 4 5 6 7 |  7.2
Shapeshifting  | 4 5 |  5.1
Dodging        | |  1.7

Action                     |  1- 3 |  4- 6 |  7- 9 || total
---------------------------+-------+-------+-------++-------
  Melee: Unarmed           |    84 |    75 |       ||   159
         Tailslap          |    10 |    24 |     6 ||    40
         Punch             |       |     4 |       ||     4
         Whip              |       |    94 |    48 ||   142
Ability: Breathe Fire      |       |       |     3 ||     3
    Use: Scroll            |       |     5 |       ||     5
         Potion            |       |       |     2 ||     2
   Stab: Invisible         |       |       |     1 ||     1
 Armour: Skin              |    55 |    99 |    67 ||   221
  Dodge: Dodged            |    54 |   102 |    34 ||   190

Table legend: (Time is in decaauts)
 A = Elapsed time spent in this place.
 B = Non-inter-level travel time spent in this place.
 C = Inter-level travel time spent in this place.
 D = Time resting spent in this place.
 E = Time spent auto-exploring this place.
 F = Levels seen in this place.
 G = Mean time per level.
                   A        B        C        D        E       F      G
               +--------+--------+--------+--------+--------+-----+--------+
         Total |   4326 |   4116 |    210 |    210 |   3221 |   5 |  865.2 |
       Dungeon |   4326 |   4116 |    210 |    210 |   3221 |   5 |  865.2 |
               +--------+--------+--------+--------+--------+-----+--------+

Top non-repeatable levels by time:
     D:4: 1366 daAuts
     D:3: 991 daAuts
     D:2: 935 daAuts
     D:1: 646 daAuts
     D:5: 385 daAuts
